 Dungeon Crawl Stone Soup version 0.29.0-11-gd7f09526c8 (webtiles) character file.

Game seed: 142820255357377243

45 xian the Conjurer (level 3, -1/19 HPs)
             Began as a Tengu Conjurer on Sept 5, 2022.
             Slain by a phantom (7 damage)
             ... on level 2 of the Dungeon.
             The game lasted 00:04:46 (1531 turns).

xian the Conjurer (Tengu Conjurer)                  Turns: 1531, Time: 00:04:47

Health: -1/19      AC:  3    Str:  7    XL:     3   Next: 64%
Magic:  7/7        EV: 11    Int: 20    God:
Gold:   79         SH:  3    Dex: 12    Spells: 3/6 levels left

rFire   . . .      SeeInvis .   e - +0 dagger
rCold   . . .      Faith    .   f - +0 buckler
rNeg    . . .      Spirit   .   i - +0 leather armour
rPois   .          Reflect  .   (helmet restricted)
rElec   .          Harm     .   (no cloak)
rCorr   .          Rampage  .   (no gloves)
Will    .....                   (boots unavailable)
Stlth   ++........              (no amulet)
HPRegen 0.06/turn               (no ring)
MPRegen 0.10/turn               (no ring)

@: no status effects
A: beak, talons 3
a: no special abilities


You were on level 2 of the Dungeon.
You visited 1 branch of the dungeon, and saw 2 of its levels.

You collected 79 gold pieces.

Inventory:

Hand Weapons
 e - a +0 dagger (weapon)
Armour
 f - a +0 buckler (worn)
 i - a +0 leather armour (worn)
Scrolls
 j - a scroll of teleportation {unknown}
Potions
 a - a potion of degeneration {unknown}
 c - 2 potions of resistance {unknown}
 d - a potion of invisibility {unknown}
 g - a potion of lignification {unknown}
 h - a potion of curing {unknown}


   Skills:
 + Level 2.3 Dodging
 + Level 2.2 Stealth
 + Level 2.1 Spellcasting
 + Level 6.6 Conjurations


You had 3 spell levels left.
You knew the following spells:

 Your Spells              Type           Power      Damage    Failure   Level
a - Magic Dart            Conj           100%       1d8       1%          1
b - Searing Ray           Conj           56%        2d6       3%          2

Your spell library contained the following spells:

 Spells                   Type           Power      Damage    Failure   Level
 Dazzling Flash           Conj/Hex       30%        N/A       24%         3
 Fulminant Prism          Conj/Hex       7%         3d7       63%         4
 Iskenderun's Mystic Bla  Conj/Tloc      15%        2d5       63%         4


Dungeon Overview and Level Annotations

Branches:
Dungeon (2/15)

Altars:
Xom


Innate Abilities, Weirdness & Mutations

You have a beak for a mouth.
You have claws for feet.


Message History

The searing ray hits the worm!
You kill the worm!
You finish channelling your searing ray.
You see here a worm corpse.
Found a ring mail.
Found a robe.
Found a stone staircase leading down.
You see here a +0 robe.
j - a scroll labelled ZENOMNI IRAVO A phantom comes into view.
Casting: Searing Ray (safe; 3% risk of failure)
Confirm with . or Enter, or press ? or * to list all spells.
You can't see any susceptible monsters within range! (Use Z to cast anyway.)
Casting: Searing Ray (safe; 3% risk of failure)
Confirm with . or Enter, or press ? or * to list all spells.
Aiming: Searing Ray (safe; 3% risk of failure)
Press: ? - help, Shift-Dir - straight line, f - phantom
Aim: a phantom (dormant, 100% to hit)
The searing ray hits the phantom.
The phantom is lightly damaged. (Press . to maintain the ray.) Unknown command.
The searing ray hits the phantom but does no damage.
The phantom is lightly damaged.
The searing ray hits the phantom.
The phantom is moderately damaged.
The searing ray misses the phantom.
You finish channelling your searing ray.
The phantom misses you. The phantom hits you!
Casting: Searing Ray (safe; 3% risk of failure)
Confirm with . or Enter, or press ? or * to list all spells.
Aiming: Searing Ray (safe; 3% risk of failure)
Press: ? - help, Shift-Dir - straight line, f/p - phantom
Aim: a phantom (moderately damaged, 71% to hit)
The searing ray hits the phantom!
The phantom is heavily damaged. (Press . to maintain the ray.)
The phantom hits you.
The phantom blinks!
You blink.
Magic courses through your body. The phantom hits you!
You die...

##..# #.###.#..
####...#####........
+.....[.........[...
####...#########.#..
##..# #.#.. ##.#
#.... ##..# ###..
##.#.# #.. #@###.#
#.. #.########W# ##
#.# #.....ยง...#.# #
...######.#.# #
#.#.# # #.#.# #.#.#
....# #.###


You could see a phantom.

Vanquished Creatures
  An adder (D:2)
  A worm (D:2)
  2 dart slugs (D:1)
  5 bats
  2 endoplasms (D:1)
  A giant cockroach (D:1)
  2 goblins (D:1)
  4 hobgoblins (D:1)
  A kobold (D:1)
  A quokka (D:1)
  4 ball pythons (D:1)
  2 frilled lizards (D:1)
  A rat (D:1)
27 creatures vanquished.

Notes
Turn   | Place    | Note
-------+----------+-------------------------------------------
     0 | D:1      | xian the Tengu Conjurer began the quest for the Orb.
     0 | D:1      | Reached XP level 1. HP: 10/10 MP: 4/4
   137 | D:1      | Reached XP level 2. HP: 15/15 MP: 4/6
   143 | D:1      | Learned a level 2 spell: Searing Ray
   363 | D:1      | Reached skill level 6 in Conjurations
   802 | D:1      | Reached XP level 3. HP: 19/19 MP: 3/7
  1378 | D:2      | Found a shimmering altar of Xom.
  1521 | D:2      | Noticed a phantom
  1531 | D:2      | Slain by a phantom

Illustrated notes

Levels and vault maps discovered:
D:1:      scummos_arrival_simple_fountains, layout_basic, minmay_crystal_water
D:2:      layout_loops_corners, basic_altar, uniq_natasha

Skill      XL: |  1  2 |
---------------+-------+-----
Conjurations   | 6 |  6.6
Dodging        | |  2.3
Stealth        | |  2.2
Spellcasting   | |  2.1

Action                   || total
-------------------------++-------
 Cast: Magic Dart        ||    47
       Searing Ray       ||     3
  Use: Potion            ||     1
Dodge: Dodged            ||     4
Block: Buckler           ||     1
